 Dungeon Crawl Stone Soup version 0.19-a0-895-gdbd5520 (console) character file.

46 Derfel the Shooter (level 3, 0/24 HPs)
             Began as a High Elf Hunter on July 4, 2016.
             Slain by a hobgoblin
             ... wielding a +0 club
              (1 damage)
             ... on level 2 of the Dungeon.
             The game lasted 00:09:30 (1181 turns).

Derfel the Shooter (High Elf Hunter)                Turns: 1181, Time: 00:09:31

Health: 0/24       AC:  3    Str: 11    XL:     3   Next: 44%
Magic:  4/4        EV: 12    Int: 14    God:
Gold:   54         SH:  0    Dex: 17    Spells: 0 memorised, 2 levels left

rFire  + . .     SeeInvis .     b - +0 short sword
rCold  + . .     Gourm    .     c - +0 leather armour
rNeg   . . .     Faith    .     (no shield)
rPois  +         Spirit   .     (no helmet)
rElec  +         Dismiss  .     (no cloak)
rCorr  +         Reflect  .     (no gloves)
SustAt .         Harm     .     (no boots)
MR     .....                    (no amulet)
Stlth  ++........               (no ring)
                                (no ring)

@: resistant, not resistant to hostile enchantments, unstealthy
A: mutation resistance 1, subdued magic 1
a: no special abilities


You were on level 2 of the Dungeon.
You were not hungry.

You visited 1 branch of the dungeon, and saw 2 of its levels.

You collected 54 gold pieces.

Inventory:

Hand Weapons
 a - a +1 shortbow
 b - a +0 short sword (weapon)
 r - a +0 dagger (quivered)
Missiles
 d - 13 arrows
Armour
 c - a +0 leather armour (worn)
 l - a +0 large shield
Scrolls
 h - 2 scrolls of teleportation {unknown}
 i - a scroll of remove curse {unknown}
 j - a scroll of blinking {unknown}
 k - a scroll of enchant armour {unknown}
 m - a scroll of enchant weapon {unknown}
 o - 2 scrolls of identify {unknown}
Potions
 n - a potion of might {unknown}
 q - a potion of curing {unknown}
Comestibles
 f - 2 bread rations
 s - 4 chunks of flesh


   Skills:
 + Level 2.2 Fighting
 + Level 6.6 Bows
 + Level 2.5 Dodging
 + Level 1.1 Stealth


You had 2 spell levels left.
You didn't know any spells.

Dungeon Overview and Level Annotations

Branches:
Dungeon (2/15)

Altars:


Innate Abilities, Weirdness & Mutations

You are somewhat resistant to further mutation.
Your spells are a little easier to cast, but a little less powerful.


Message History

You toss away a dagger.
The dagger closely misses the hobgoblin.
You hit the hobgoblin but do no damage. The bat barely misses you.
The hobgoblin hits you with a club.
* * * LOW HITPOINT WARNING * * *
You barely miss the hobgoblin. The hobgoblin hits you with a club.
* * * LOW HITPOINT WARNING * * *
The bat barely misses you.
It was a potion of resistance.
You feel protected. The bat barely misses you.
The bat hits you but does no damage. The hobgoblin misses you.
You hit the hobgoblin but do no damage. The bat hits you.
* * * LOW HITPOINT WARNING * * *
The hobgoblin hits you with a club.
* * * LOW HITPOINT WARNING * * *
It was a potion of mutation.
You feel extremely strange.
Your connection to magic feels subdued.
You feel genetically stable. The bat misses you.
The hobgoblin hits you with a club.
You die...

..#####..##.....#
#.........#.....#
##..............#
#..####.##......# #.#
#.##......# #######.#
#.##......# ##.......#
#(#.......#
##........#####.#.#.....#
#
#............b@g.)###...#
.##.<.......†####>.##
#..## .............#
##.## #...###
.............# #..#
##....## #.....)....#
##.# #.##..##
##..[.....## #.# #.###..#
#..........# #.# #.# ##.#
#..........# #.# #.# #.#
#..........# #.# #.# #.#


You could see a hobgoblin and a bat.

Vanquished Creatures
  An adder (D:2)
  A giant gecko (D:2)
  4 goblins
  6 hobgoblins
  6 jackals
  6 kobolds
  A quokka (D:2)
  A ball python (D:2)
  A bat (D:1)
  2 giant newts
  3 rats (D:2)
32 creatures vanquished.

Notes
Turn   | Place    | Note
-------+----------+-------------------------------------------
     0 | D:1      | Derfel the High Elf Hunter began the quest for the Orb.
     0 | D:1      | Reached XP level 1. HP: 14/14 MP: 2/2
   440 | D:1      | Reached XP level 2. HP: 19/19 MP: 3/3
   521 | D:1      | Reached skill level 6 in Bows
  1060 | D:2      | Reached XP level 3. HP: 24/24 MP: 4/4
  1180 | D:2      | HP: 1/24 [hobgoblin/club (3)]
  1181 | D:2      | Gained mutation: Your spells are a little easier to cast, but a little less powerful. [potion of mutation]
  1181 | D:2      | Gained mutation: You are somewhat resistant to further mutation. [potion of mutation]
  1181 | D:2      | Slain by a hobgoblin

Vault maps used:
D:1:      dpeg_arrival_sounds_slurp
D:2:      lemuel_round_altar

Skill      XL: |  1  2 |
---------------+-------+-----
Bows           | 6 |  6.6
Fighting       | |  2.2
Dodging        | |  2.5
Stealth        | |  1.1

Action                   || total
-------------------------++-------
Melee: Short sword       ||    68
 Fire: Shortbow          ||    43
  Use: Potion            ||     2
  Eat: Chunk             ||     1
Armor: Leather armour    ||    16
Dodge: Dodged            ||    62
